 Dungeon Crawl Stone Soup version 0.19-a0-1655-gdd95918 (webtiles) character file.

56 Lindan9 the Shield-Bearer (level 4, -3/37 HPs)
             Began as a Formicid Fighter on Sept 21, 2016.
             Was an Initiate of Qazlal.
             Slain by Sigmund
             ... wielding a +0 scythe
              (8 damage)
             ... on level 2 of the Dungeon.
             The game lasted 00:08:49 (1031 turns).

Lindan9 the Shield-Bearer (Formicid Fighter)        Turns: 1031, Time: 00:08:50

Health: -3/37      AC:  8    Str: 26    XL:     4   Next: 15%
Magic:  4/4        EV:  8    Int:  8    God:    Qazlal [......]
Gold:   28         SH: 10    Dex: 10    Spells: 0 memorised, 3 levels left

rFire  . . .     SeeInvis +     a - +0 flail
rCold  . . .     Gourm    .     b - +0 scale mail
rNeg   . . .     Faith    .     c - +0 shield
rPois  .         Spirit   .     (helmet unavailable)
rElec  .         Dismiss  .     (no cloak)
rCorr  .         Reflect  .     i - +0 pair of gloves
MR     .....     Harm     .     (no boots)
Stlth  ..........               (no amulet)
                                (no ring)
                                k - ring of loudness (curse)

@: mighty
A: permanent stasis, dig shafts and tunnels, four strong arms, antennae 3
a: Dig, Shaft Self, Renounce Religion


You were on level 2 of the Dungeon.
You worshipped Qazlal.
Qazlal was noncommittal.
You were not hungry.

You visited 1 branch of the dungeon, and saw 2 of its levels.

You collected 28 gold pieces.

Inventory:

Hand Weapons
 a - a +0 flail (weapon)
Armour
 b - a +0 scale mail (worn)
 c - a +0 shield (worn)
 i - a +0 pair of gloves (worn)
Jewellery
 k - a cursed ring of loudness (left hand)
Scrolls
 j - a scroll of recharging {unknown}
 l - a scroll of fear {unknown}
 m - a scroll of identify
 o - a scroll of remove curse {unknown}
Potions
 d - a potion of might
 e - a potion of agility
 g - 3 potions of curing {unknown}
 h - a potion of cure mutation {unknown}
Comestibles
 f - 2 bread rations
 n - a meat ration


   Skills:
 + Level 3.8 Fighting
 + Level 2.4 Maces & Flails
 + Level 3.5 Armour
 + Level 0.6 Dodging
 + Level 4.4 Shields


You had 3 spell levels left.
You didn't know any spells.

Dungeon Overview and Level Annotations

Branches:
Dungeon (2/15)

Altars:
Cheibriados
Kikubaaqudgha
Qazlal
Ru
Trog
Zin
The Shining One

Annotations:
D:2 Sigmund


Innate Abilities, Weirdness & Mutations

You are under a permanent stasis effect.
You can dig through walls and to a lower floor.
Your four strong arms can wield two-handed weapons with a shield.
You have a pair of large antennae on your head. (SInv)


Message History

Things that are here:
an adder corpse; a leopard gecko corpse You closely miss Sigmund.
Sigmund hits you with a scythe.
* * * LOW HITPOINT WARNING * * *
You closely miss Sigmund. You block Sigmund's attack.
You closely miss Sigmund. Sigmund closely misses you.
You thump Sigmund!
Sigmund is moderately wounded.
Sigmund hits you with a scythe!
* * * LOW HITPOINT WARNING * * *
You sock Sigmund!
Sigmund is heavily wounded.
Sigmund casts a spell.
Sigmund flickers and vanishes for a moment.
You feel very mighty all of a sudden. Sigmund barely misses you.
You sock Sigmund!
Sigmund is almost dead.
Sigmund hits you with a scythe!
You die...

##.......##
#.⌠##.##⌠.#
#.##...##[#
#.#.⌠.⌠.#.#
#.#..>..#.#
#.#.⌠.⌠.#.#
#.##...##.#
#.⌠#####⌠.#
##...@@..##
#####'#### .#
##.##†.#.# .#
#..†...#.###.####
#####.##..#.........
#....).......)..#
#.######..##..###
#..##..#
####..##).####..


You could see Sigmund (invisible).

Vanquished Creatures
  An adder (D:2)
  An ooze (D:1)
  A worm (D:2)
  2 leopard geckos (D:2)
  6 bats
  A giant cockroach (D:2)
  6 goblins
  3 hobgoblins
  4 jackals (D:1)
  3 kobolds (D:1)
  6 rats
34 creatures vanquished.

Notes
Turn   | Place    | Note
-------+----------+-------------------------------------------
     0 | D:1      | Lindan9 the Formicid Fighter began the quest for the Orb.
     0 | D:1      | Reached XP level 1. HP: 18/18 MP: 1/1
   220 | D:1      | Reached XP level 2. HP: 24/24 MP: 2/2
   347 | D:1      | Reached XP level 3. HP: 27/30 MP: 3/3
   734 | D:2      | Found a glowing golden altar of the Shining One.
   736 | D:2      | Found a glowing silver altar of Zin.
   738 | D:2      | Found a snail-covered altar of Cheibriados.
   738 | D:2      | Found a bloodstained altar of Trog.
   738 | D:2      | Found a stormy altar of Qazlal.
   738 | D:2      | Found an ancient bone altar of Kikubaaqudgha.
   740 | D:2      | Found a sacrificial altar of Ru.
   772 | D:2      | Became a worshipper of Qazlal Stormbringer
   844 | D:2      | Reached skill level 4 in Shields
  1001 | D:2      | Noticed Sigmund
  1023 | D:2      | Reached XP level 4. HP: 16/37 MP: 4/4
  1031 | D:2      | Slain by Sigmund

Vault maps used:
D:1:      lemuel_arrival_behind_the_door_large, minmay_door_square
D:2:      grunt_temple_overflow_open, grunt_ministairs_11, uniq_sigmund,
          uniq_iyjb

Skill      XL: |  1  2  3 |
---------------+----------+-----
Shields        | 4 |  4.4
Fighting       | |  3.8
Maces & Flails | |  2.4
Armour         | |  3.5
Dodging        | |  0.6

Action                   |  1- 3 |  4- 6 || total
-------------------------+-------+-------++-------
Melee: Flail             |   123 |     6 ||   129
  Use: Scroll            |     2 |       ||     2
       Potion            |       |     1 ||     1
  Eat: Bread ration      |     1 |       ||     1
Armor: Scale mail        |    75 |     1 ||    76
Dodge: Dodged            |    55 |     2 ||    57
Block: Shield            |    84 |     1 ||    85
